 Dungeon Crawl Stone Soup version 0.32-a0-576-g706899e69d (webtiles) character file.

Game seed: 17782207932217798951

32 BeKind the Chiller (level 3, -6/26 HPs)
             Began as a Minotaur Ice Elementalist on Mar 2, 2024.
             Was a Follower of the Shining One.
             Mangled by Terence
             ... wielding a +0 trident
              (9 damage)
             ... on level 2 of the Dungeon.
             The game lasted 00:01:48 (1284 turns).

BeKind the Chiller (Minotaur Ice Elementalist)      Turns: 1284, Time: 00:01:49

Health: -6/26      AC:  2    Str: 12    XL:     3   Next: 8%
Magic:  0/4        EV: 12    Int: 14    God:    the Shining One [*.....]
Gold:   58         SH:  0    Dex: 10    Spells: 4/5 levels left

rFire   . . .        f - +0 short sword
rCold   . . .        (no shield)
rNeg    . . .        a - +0 robe
rPois   .            (helmet restricted)
rElec   .            (no cloak)
rCorr   .            (no gloves)
SInv    .            (no boots)
Will    .....        (no amulet)
Stlth   +            (no ring)
HPRegen 0.24/turn    (no ring)
MPRegen 0.09/turn

%: no passive effects
@: glowing
A: horns 2, retaliatory headbutt
a: Renounce Religion, Divine Shield


You were on level 2 of the Dungeon.
You worshipped the Shining One.
The Shining One was aware of your devotion.
You visited 1 branch of the dungeon, and saw 2 of its levels.

You collected 58 gold pieces.

Inventory:

Hand Weapons
 f - a +0 short sword (weapon)
Armour
 a - a +0 robe (worn)
Scrolls
 d - 2 scrolls of identify {unknown}
 e - a scroll of amnesia {unknown}
 h - 3 scrolls of teleportation {unknown}
Potions
 b - a potion of magic
 c - a potion of might {unknown}
 g - a potion of enlightenment {unknown}


   Skills:
 + Level 2.9 Dodging
 - Level 1.5 Stealth
 + Level 1.8 Spellcasting
 + Level 3.2 Ice Magic


You had 4 spell levels left.
You knew the following spells:

 Your Spells              Type           Power      Damage    Failure   Level
a - Freeze                Ice            40%        1d6       6%          1

Your spell library contained the following spells:

 Spells                   Type           Power      Damage    Failure   Level
 Frozen Ramparts          Ice            20%        1d4       19%         3
 Ozocubu's Armour         Ice            10%        N/A       19%         3
 Summon Ice Beast         Ice/Summ       5%         N/A       36%         3


Dungeon Overview and Level Annotations

Branches:
Dungeon (2/15)

Altars:
The Shining One

Annotations:
D:2 Terence


Innate Abilities, Weirdness & Mutations

You have a pair of horns on your head.
You reflexively headbutt those who attack you in melee.


Message History

Terence is nearby!
You see here a scroll labelled KOLITA VAMA.
Terence hits you with a +0 trident!
You miscast Freeze.
You are very lightly contaminated with residual magic.
Nothing appears to happen.
Terence closely misses you. You furiously retaliate!
You headbutt Terence. You freeze Terence.
Terence is moderately wounded.
Terence misses you.
You freeze Terence.
Terence is moderately wounded.
Terence hits you with a +0 trident!
You are too injured to fight recklessly!
You are too injured to fight recklessly!
You are too injured to fight recklessly!
Casting: Freeze (safe; 6% risk of failure)
Confirm with . or Enter, or press ? or * to list all spells.
Aiming: Freeze (safe; 6% risk of failure)
Press: ? - help, Shift-Dir - straight line, f/p - Terence
Aim: Terence, wielding a +0 trident and wearing a +0 chain mail (moderately wounded, haloed)
You freeze Terence.
Terence is heavily wounded.
Terence hits you with a +0 trident!
* * * LOW HITPOINT WARNING * * *
You barely miss Terence.
Terence is heavily wounded.
Terence barely misses you.
You hit Terence but do no damage.
Terence is heavily wounded.
Terence misses you.
You hit Terence. You headbutt Terence.
Terence is severely wounded.
Terence barely misses you.
Your magical contamination has completely faded away.
You hit Terence but do no damage. You headbutt Terence.
Terence is almost dead.
Terence hits you with a +0 trident!
You die...
Terence says, "Time to find some more victims."

#.....:.. .#.....
###..... #......#
###.....)#
#..[.....# ####
###.#......###...#
...>..@@?.......#
##............###
...#..#...##..##
.#.#..#...##...#
........#..#.#
.....#####.##.#
...............#
.####.###.###..###
..####.###.#<.....#


You could see Terence.

Vanquished Creatures
  A ribbon worm (D:2)
  4 endoplasms (D:1)
  A goblin (D:1)
  5 hobgoblins
  3 jackals
  A quokka (D:1)
  2 ball pythons (D:1)
  A bat (D:1)
  A frilled lizard (D:1)
  5 kobolds (D:1)
  A rat (D:1)
25 creatures vanquished.

Notes
Turn   | Place    | Note
-------+----------+-------------------------------------------
     0 | D:1      | BeKind the Minotaur Ice Elementalist began the quest for
                  | the Orb.
     0 | D:1      | Reached XP level 1. HP: 14/14 MP: 1/1
    54 | D:1      | Reached skill level 3 in Ice Magic
   279 | D:1      | Reached XP level 2. HP: 18/20 MP: 0/3
   967 | D:1      | Found a faded altar of an unknown god.
   974 | D:1      | Prayed at the altar of an unknown god.
   974 | D:1      | Became a worshipper of the Shining One
   974 | D:1      | Reached * piety under the Shining One
  1222 | D:2      | Reached XP level 3. HP: 16/26 MP: 1/4
  1273 | D:2      | Noticed Terence
  1284 | D:2      | Mangled by Terence

Illustrated notes

Levels and vault maps discovered:
D:1:      psy_arrival_radial02, layout_loops_ring,
          dreamdust_ecumenical_altar_hidden_monk_grotto, minmay_liquid_box
D:2:      layout_rooms, serial_shops, nicolae_shop_overgrown_old_shop,
          minmay_pentomino_t4, uniq_terence

Skill      XL: |  1 |
---------------+----+-----
Ice Magic      | 3 |  3.2
Dodging        | |  2.9
Stealth        | |  1.5
Spellcasting   | |  1.8

Action                     || total
---------------------------++-------
  Melee: Short sword       ||    43
         Unarmed           ||     6
         Headbutt          ||    11
   Cast: Freeze            ||    17
   Stab: Sleeping          ||     2
 Armour: Robe              ||    35
  Dodge: Dodged            ||    44

Table legend: (Time is in decaauts)
 A = Elapsed time spent in this place.
 B = Non-inter-level travel time spent in this place.
 C = Inter-level travel time spent in this place.
 D = Time resting spent in this place.
 E = Time spent auto-exploring this place.
 F = Levels seen in this place.
 G = Mean time per level.
                   A        B        C        D        E       F      G
               +--------+--------+--------+--------+--------+-----+--------+
         Total |   1287 |   1239 |     48 |    120 |    936 |   2 |  643.5 |
       Dungeon |   1287 |   1239 |     48 |    120 |    936 |   2 |  643.5 |
               +--------+--------+--------+--------+--------+-----+--------+

Top non-repeatable levels by time:
     D:1: 1189 daAuts
     D:2: 98 daAuts
